[Event "*** Titled Tuesday Blitz"]
[Site "Chess.com"]
[Date "2018.11.06"]
[Round "5"]
[White "Rakhmanov_Aleksandr"]
[Black "SaraciNderim"]
[Result "1-0"]
[WhiteElo "2873"]
[BlackElo "2668"]
[TimeControl "180+2"]
[EndTime "14:07:44 PST"]
[Termination "Rakhmanov_Aleksandr won by resignation"]

1. c4 Nf6 2. Nc3 g6 3. g3 Bg7 4. Bg2 O-O 5. d3 c6 6. e4 d6 7. Nge2 c5 8. O-O Nc6 9. h3 Ne8 10. f4 Nc7 11. g4 Ne6 12. f5 Ned4 13. Ng3 Be5 14. Bf4 e6 15. Qd2 Qh4 16. Nce2 Bxf4 17.
Qxf4 Bd7 18. Qxd6 Rad8 19. Qf4 Bc8 20. Rad1 Nb4 21. Nxd4 Rxd4 22. fxg6 hxg6 23. Rf3 b6 24. a3 Nc6 25. Rdf1 e5 26. Qe3 Be6 27. Nf5 gxf5 28. gxf5 Bd7 29. Rg3+ Kh7 30. Rg4 Qh6 31. Qg3 Rd6 32. Rh4 Rg8 33. Rxh6+ Rxh6 34. Qh2 f6 35. Kf2 Nd4 36. Rg1 Be8 37. Bf1 Rxg1 38. Qxg1 Rh5 39. Qg3 Rg5 40. Qh4+ Kg7 41. b4 Bh5 42. bxc5 bxc5 43.
Ke3 Nf3 44. Qf2 Nd4 45. Qb2 Rg3+ 46. Kf2 Rf3+ 47. Kg2 Kh6 48. Qb8 Nc2 49. Qh8+ Kg5 50. Qg7+ 1-0

[Event "*** Titled Tuesday Blitz"]
[Site "Chess.com"]
[Date "2018.11.06"]
[Round "5"]
[White "Morshynska"]
[Black "Andrew-FB00"]
[Result "1-0"]
[WhiteElo "2072"]
[BlackElo "1783"]
[TimeControl "180+2"]
[EndTime "14:07:45 PST"]
[Termination "Morshynska won by resignation"]

1. d4 Nf6 2. c4 e6 3. Nf3 b6 4. g3 Bb7 5. Bg2 Be7 6. O-O d6 7. Nc3 Nbd7 8. Qc2 O-O 9. e4 e5 10. d5 Re8 11. Ne1 a6 12. Nd3 Nh5 13. f4 Rf8 14.
Be3 Bf6 15. f5 Bg5 16. Bf2 h6 17. Ne2 Be7 18. g4 Nhf6 19. Bf3 Nh7 20. Kh1 Bh4 21. Ng3 Ng5 22. Bg2 Bxg3 23. Bxg3 f6 24. h4 Nf7 25. Bf3 Kh7 26. Bf2 Rh8 27. Be3 Nc5 28. b4 Nxd3 29. Qxd3 Qe7 30. Rg1 Kg8 31. Rg3 Bc8 32.
a4 Bd7 33. a5 b5 34. c5 Kf8 35. Kg2 Rc8 36. Rc1 Nd8 37. Kf2 Nf7 38. Ke2 Kg8 39.
c6 Be8 40. Rcg1 Kf8 41. Kd2 Rg8 42. g5 fxg5 43. hxg5 hxg5 44. Bh5 Nh6 45. Bxg5 1-0

[Event "*** Titled Tuesday Blitz"]
[Site "Chess.com"]
[Date "2018.11.06"]
[Round "5"]
[White "DawidCzerw"]
[Black "Sordis"]
[Result "1/2-1/2"]
[WhiteElo "2245"]
[BlackElo "2289"]
[TimeControl "180+2"]
[EndTime "14:07:54 PST"]
[Termination "Game drawn - insufficient material"]

1. d4 Nf6 2. c4 g6 3. Nc3 Bg7 4.
e4 d6 5. Be2 O-O 6. Nf3 Na6 7.
O-O e5 8. Be3 Ng4 9. Bg5 Qe8 10.
Qd2 f6 11. Bh4 Nh6 12. dxe5 dxe5 13. Rad1 c6 14. Ne1 Nf7 15. f3 Be6 16. Bf2 Qe7 17. Nc2 Rfd8 18. Qe1 Rxd1 19. Qxd1 Rd8 20. Qc1 b6 21.
Rd1 Bh6 22. Be3 Bxe3+ 23. Qxe3 Rxd1+ 24. Nxd1 Qc5 25. a3 Qxe3+ 26. Ndxe3 Kf8 27. b4 Nc7 28. Kf2 Ke7 29. b5 cxb5 30. cxb5 Nd6 31. a4 Kd7 32.
Nb4 Bb3 33. Bd1 Bxd1 34. Nxd1 Nc4 35. Nc3 a5 36. bxa6 Kd6 37. Nb5+ Kd7 38. Nd5 Nxa6 39. Ke2 f5 40. exf5 gxf5 41. g4 fxg4 42. fxg4 Nc5 43. Nbc3 Ke6 44. Nc7+ Kf6 45. h4 e4 46. N7d5+ Ke5 47.
Ne3 Nd6 48. Ng2 Nb3 49. Ke3 Nc4+ 50. Ke2 Nd4+ 51. Kd1 e3 52. Nb5 Nb2+ 53. Ke1 Nxa4 54. Nxd4 Kxd4 55. g5 Nc3 56. h5 Ke5 57. g6 hxg6 58.
hxg6 Kf6 59. Nxe3 Kxg6 60. Kd2 Na4 61. Kc2 Kf7 62. Kb3 Nc5+ 63. Kc4 Ke6 64. Kb5 Nd7 65.
Nc4 Kd5 66. Nxb6+ Nxb6 1/2-1/2

[Event "*** Titled Tuesday Blitz"]
[Site "Chess.com"]
[Date "2018.11.06"]
[Round "5"]
[White "SergeiAza"]
[Black "dreamist"]
[Result "1-0"]
[WhiteElo "2808"]
[BlackElo "2681"]
[TimeControl "180+2"]
[EndTime "14:07:58 PST"]
[Termination "SergeiAza won by resignation"]

1. e4 c5 2. Nf3 d6 3. d4 Nf6 4. Nc3 cxd4 5. Nxd4 a6 6. Bg5 Nbd7 7. f4 Qc7 8. Be2 h6 9. Bh4 b5 10. a4 b4 11. Nd5 Nxd5 12. exd5 Bb7 13. Qd2 Bxd5 14.
Nb5 axb5 15. Qxd5 Rxa4 16. Rxa4 bxa4 17. Bb5 g5 18. fxg5 hxg5 19. O-O Qc5+ 20. Qxc5 dxc5 21.
Bf2 Bg7 22. Bxc5 Bxb2 23. Bxa4 O-O 24. Bxd7 Rd8 25. Ba4 Bd4+ 26. Bxd4 Rxd4 27. Re1 e6 28. Re5 g4 29. Bb3 Kg7 30. Rc5 Rd1+ 31. Kf2 Rd2+ 32. Kg3 Kg6 33. Rc4 f5 34. Rxb4 Kg5 35. h4+ gxh3 36.
gxh3 e5 37. h4+ Kh5 38. Rb5 Re2 39. Kf3 Re1 40. Kf2 Re4 41. Bd5 Rxh4 42. Bf3+ Kg5 43. Rxe5 Kf4 44. Rc5 Rh8 45. Rc4+ Ke5 46. Be2 Rh2+ 47.
Kf3 Rh3+ 48. Kg2 Re3 49. Bd3 f4 50. Kf2 Rh3 51. Re4+ 1-0

[Event "*** Titled Tuesday Blitz"]
[Site "Chess.com"]
[Date "2018.11.06"]
[Round "5"]
[White "kharov2001"]
[Black "BIG_Pirate"]
[Result "0-1"]
[WhiteElo "2211"]
[BlackElo "2396"]
[TimeControl "180+2"]
[EndTime "14:07:58 PST"]
[Termination "BIG_Pirate won by resignation"]

1. e4 d5 2. exd5 Qxd5 3. Nc3 Qa5 4. d4 Nf6 5. Nf3 Bg4 6. h3 Bh5 7. g4 Bg6 8. Ne5 e6 9. Bg2 c6 10. h4 Be4 11. f3 Bd5 12. Bd2 Bb4 13. a3 Bxc3 14.
Bxc3 Qc7 15. Qe2 Nbd7 16. O-O-O Nxe5 17. dxe5 Nd7 18. Kb1 O-O-O 19. Rhe1 h5 20. g5 g6 21. Bf1 b5 22. Bb4 c5 23. Bc3 a6 24. f4 Nb6 25.
Ba5 Rd7 26. Qe3 Rhd8 27. Be2 Bb7 28. Rxd7 Rxd7 29. Bd3 Rd4 30. b4 Qc6 31. bxc5 Qxc5 32. c3 Qxa3 33. Qxd4 Qxa5 34. Qb4 Qxb4+ 35. cxb4 Nd5 36.
Be4 Nxb4 37. Bxb7+ Kxb7 38. Rd1 Nd5 39. Kb2 a5 40.
Kb3 a4+ 41. Ka3 Kb6 42. Rd4 Ka5 43. Re4 b4+ 44. Kb2 Kb5 45. Re1 Nc3 46. Re3 Kc4 47. Rf3 a3+ 48. Kc2 b3+ 49. Kc1 b2+ 0-1

[Event "*** Titled Tuesday Blitz"]
[Site "Chess.com"]
[Date "2018.11.06"]
[Round "5"]
[White "TomsKantans"]
[Black "VladimirPotkin"]
[Result "0-1"]
[WhiteElo "2487"]
[BlackElo "2592"]
[TimeControl "180+2"]
[EndTime "14:07:59 PST"]
[Termination "VladimirPotkin won on time"]

1. e4 c5 2. Nf3 d6 3. Bb5+ Nd7 4. O-O a6 5. Bd3 Ngf6 6. c3 b5 7. a4 b4 8. Qe2 Bb7 9. Bc2 g6 10. cxb4 cxb4 11. d4 e6 12. Nbd2 Rc8 13. Bd3 a5 14.
Nb3 Bg7 15. Bf4 Qb6 16. Nfd2 d5 17. e5 Ng8 18. Rfc1 Ne7 19. Bb5 Nc6 20. Be3 O-O 21. Rc2 Rc7 22. Rac1 Rfc8 23. Qd3 Bf8 24. f4 Ncb8 25. Kf2 Bc6 26. Bxc6 Rxc6 27. Rxc6 Rxc6 28. Qb5 Qxb5 29. axb5 Rxc1 30. Nxc1 a4 31. Ke2 Nb6 32. Kd3 Be7 33. b3 a3 34. Na2 Kf8 35. Nb1 Nc8 36.
Bd2 Na7 37. Nxb4 Nxb5 38. Na2 Ke8 39. Nbc3 Nxc3 40. Bxc3 Kd7 41. b4 Kc6 42. Kc2 Kb5 43. Kb3 Nc6 44. g4 h6 45. h3 h5 46. gxh5 gxh5 47.
Kxa3 Kc4 48. Ka4 Nxd4 49. Bxd4 Kxd4 50. Kb5 Ke3 51. Kc6 d4 52. b5 Bd8 0-1

[Event "*** Titled Tuesday Blitz"]
[Site "Chess.com"]
[Date "2018.11.06"]
[Round "5"]
[White "Caterpiller35"]
[Black "evgenysharapov"]
[Result "0-1"]
[WhiteElo "2274"]
[BlackElo "2406"]
[TimeControl "180+2"]
[EndTime "14:08:05 PST"]
[Termination "evgenysharapov won by checkmate"]

1. d4 d5 2. Bf4 Nf6 3. e3 c5 4. c3 cxd4 5. cxd4 Nc6 6. Nc3 a6 7.
Bd3 Bg4 8. f3 Bh5 9. g4 Bg6 10. h4 Bxd3 11. Qxd3 e6 12. Nge2 Be7 13. h5 h6 14. Kf2 Nh7 15. a3 Ng5 16. Bxg5 Bxg5 17.
f4 Bh4+ 18. Kg2 Bf6 19. b4 Rc8 20. Rac1 O-O 21. Rcg1 Be7 22. Kf2 f6 23. Ng3 Qd7 24.
Nce2 Na7 25. Rc1 Nb5 26. f5 e5 27. Rhd1 e4 28. Qb3 Nc7 29. Nxe4 Kh7 30. Nc5 Bxc5 31. Rxc5 b6 32. Rc3 Rce8 33. a4 Re7 34. Nf4 Rfe8 35. Rdc1 Qd6 36. Qc2 Rxe3 37. Rxe3 Qxf4+ 38. Rf3 Qxd4+ 39. Kg3 Qe5+ 40. Kh3 Re7 41. Qc6 d4 42. Qxb6 Nd5 43. Qc5 Nf4+ 44. Rxf4 Qxf4 45. Qxe7 Qxc1 46. Qf7 Qe3+ 47. Kg2 Qe2+ 48. Kg3 Qe1+ 49. Kf4 Qe3# 0-1

[Event "*** Titled Tuesday Blitz"]
[Site "Chess.com"]
[Date "2018.11.06"]
[Round "5"]
[White "Rashad_Zeynalli"]
[Black "Grieve72"]
[Result "0-1"]
[WhiteElo "2391"]
[BlackElo "2311"]
[TimeControl "180+2"]
[EndTime "14:08:08 PST"]
[Termination "Grieve72 won by resignation"]

1. d4 d5 2. Bf4 Nf6 3. e3 e6 4. Nd2 Bd6 5. Bg3 O-O 6. Bd3 b6 7. c3 c5 8. Ngf3 Bb7 9. Ne5 Nc6 10. f4 Ne7 11. Qf3 Nf5 12. Bf2 Be7 13. O-O Nd6 14.
Rad1 Nfe4 15. Qh3 Qc8 16. Bxe4 dxe4 17. dxc5 bxc5 18. Bh4 Bxh4 19. Qxh4 Rb8 20. b3 Ba6 21. c4 Rd8 22. Nb1 Bb7 23. Nc3 Qc7 24. Qh3 Qa5 25.
Na4 Rbc8 26. g4 f6 27. g5 fxe5 28. Qxe6+ Nf7 29. fxe5 Qc7 30. Rxd8+ Rxd8 31. Nc3 Bc8 32. Nd5 Bxe6 33. Nxc7 Nxg5 34. h4 Nf3+ 35. Rxf3 exf3 36.
Nxe6 Re8 37. Nxc5 Rxe5 38. Nd7 Rxe3 39. Kf2 Re2+ 40. Kxf3 Rxa2 41. Ne5 Ra3 42. Ke4 Rxb3 43. c5 a5 44. c6 a4 45. Kd4 Rb8 46. Nc4 Kf8 47.
Kc5 Ke7 48. c7 Rc8 49. Kc6 h6 50. Kb7 Rxc7+ 51. Kxc7 g5 52. hxg5 hxg5 53. Nd6 a3 0-1

[Event "*** Titled Tuesday Blitz"]
[Site "Chess.com"]
[Date "2018.11.06"]
[Round "5"]
[White "wadsy27"]
[Black "xamax2000"]
[Result "1/2-1/2"]
[WhiteElo "2353"]
[BlackElo "2478"]
[TimeControl "180+2"]
[EndTime "14:08:11 PST"]
[Termination "Game drawn - insufficient material"]

1. Nf3 Nf6 2. g3 g6 3. Bg2 Bg7 4. c4 O-O 5. O-O d6 6. Nc3 Nc6 7. d3 e5 8. Rb1 a5 9. a3 Re8 10.
b4 axb4 11. axb4 e4 12. dxe4 Nxe4 13. Nxe4 Rxe4 14. b5 Nd4 15. Nxd4 Rxd4 16. Qb3 Be6 17. Bd5 Bxd5 18. cxd5 Qe7 19. Be3 Re4 20. Rfc1 b6 21. Qc2 Ra7 22. Rb3 h5 23. h4 Bd4 24. Bxd4 Rxd4 25.
Rd3 Re4 26. e3 Rg4 27. Rc3 Qxh4 28. Rxc7 Raa4 29. Kg2 Qg5 30. Qc3 Qxd5+ 31. Kg1 Qe5 32. Qxe5 dxe5 33. Rb7 h4 34. Rc8+ Kg7 35. Kg2 hxg3 36.
fxg3 Rg5 37. Rcc7 Ra2+ 38. Kf3 Rf5+ 39. Ke4 Rg2 40. Rxb6 Rxg3 41. Rbb7 g5 42. b6 Rf6 43. Rb8 Rg1 44. b7 Rb1 45. Rd8 Rfb6 46. Rdd7 Kg6 47. Rxf7 Kh5 48. Rh7+ Kg4 49. Kxe5 R1b3 50. e4 Kf3 51. Rh3+ Kg4 52. Rxb3 Rxb3 53. Kf6 Rb6+ 54. Kf7 Kf4 55. Ke7 g4 56. Kd7 g3 57. Kc8 Kxe4 58. Rg7 Kf3 59. b8=Q Rxb8+ 60. Kxb8 g2 61. Rxg2 Kxg2 1/2-1/2

[Event "*** Titled Tuesday Blitz"]
[Site "Chess.com"]
[Date "2018.11.06"]
[Round "5"]
[White "Atanejhad"]
[Black "TheBigBadChessDad"]
[Result "1-0"]
[WhiteElo "2241"]
[BlackElo "2291"]
[TimeControl "180+2"]
[EndTime "14:08:14 PST"]
[Termination "Atanejhad won on time"]

1. d4 Nf6 2. Nf3 e6 3. c4 d5 4.
Nc3 c6 5. e3 Nbd7 6. Bd3 Bd6 7.
O-O Qe7 8. b3 O-O 9. c5 Bc7 10. e4 dxe4 11. Nxe4 h6 12. Re1 Rd8 13. Bb2 Nxe4 14. Bxe4 Nf6 15. Bc2 b6 16. b4 a5 17.
a3 axb4 18. axb4 Rxa1 19. Bxa1 bxc5 20. bxc5 Ba6 21. Bb1 Bc4 22. Qc2 Bd5 23. Ne5 g6 24. Re3 Bxe5 25. dxe5 Nd7 26. Bd4 Qh4 27. Qd2 Rb8 28.
Bc2 Kg7 29. h3 Qg5 30. f3 Qg3 31. Ra3 Rb5 32. Qc3 h5 33. Ra7 Nf8 34. Qe3 Nh7 35.
Bc3 Ng5 36. Kf1 Nxh3 37. gxh3 Bxf3 38. Bd2 Qxh3+ 39. Ke1 Qh1+ 40. Kf2 Qg2+ 41. Ke1 Qh1+ 42. Kf2 Qg2+ 43. Ke1 Qh1+ 44. Kf2 Qg2+ 45. Ke1 Qh1+ 46. Kf2 Qg2+ 47. Ke1 Qg3+ 48. Qf2 Qxe5+ 49. Kf1 Qf6 50.
Qe3 Be4+ 51. Kg1 1-0

[Event "*** Titled Tuesday Blitz"]
[Site "Chess.com"]
[Date "2018.11.06"]
[Round "5"]
[White "ddtru"]
[Black "ZeroRealtorFade"]
[Result "1-0"]
[WhiteElo "2304"]
[BlackElo "2221"]
[TimeControl "180+2"]
[EndTime "14:08:15 PST"]
[Termination "ddtru won by resignation"]

1. d4 Nf6 2. Nf3 g6 3. c4 c5 4. d5 b5 5. cxb5 a6 6. bxa6 Bg7 7. Nc3 O-O 8. g3 d6 9. Bg2 Nbd7 10. Rb1 Bxa6 11.
b3 Qa5 12. Bd2 Rfb8 13. a4 Qd8 14. O-O Ng4 15. Qc2 Nge5 16. Nh4 Nf6 17. h3 Ned7 18. Rfe1 Ne8 19. Kh2 Nc7 20. f4 Bc8 21. e4 Na6 22. Nb5 Nb4 23. Bxb4 cxb4 24. Rbd1 Ba6 25. Nd4 Bxd4 26.
Rxd4 Rc8 27. Qd2 Rc3 28. Rxb4 Rac8 29. Nf3 Qa5 30. Rd4 Qc5 31. b4 Qc7 32. b5 Bb7 33. Rb4 Rc2 34. Qe3 Qa5 35. Rd4 R8c3 36. Rd3 Rc4 37.
Re2 Rxe2 38. Qxe2 Rxa4 39. Rb3 Nc5 40. Re3 Ra2 41. Qf1 Ra1 42. Re1 Rxe1 43. Nxe1 Qd2 44.
Nf3 Qb2 45. Qc4 Qb1 46. Nd4 Bc8 47. Nc6 Bd7 48. Nxe7+ Kg7 49. Nc6 f6 50. e5 fxe5 51. fxe5 Nd3 52. e6 Be8 53. Qd4+ Kg8 54. Ne7+ 1-0

[Event "*** Titled Tuesday Blitz"]
[Site "Chess.com"]
[Date "2018.11.06"]
[Round "5"]
[White "Bauxi435"]
[Black "saikrishnaReturns"]
[Result "1/2-1/2"]
[WhiteElo "2441"]
[BlackElo "2609"]
[TimeControl "180+2"]
[EndTime "14:08:20 PST"]
[Termination "Game drawn by stalemate"]

1. d4 Nf6 2. c4 g6 3. Nc3 Bg7 4. e4 d6 5. Be2 O-O 6. Be3 Na6 7.
Nf3 e5 8. O-O exd4 9. Nxd4 Nc5 10.
f3 a5 11. Qd2 Re8 12. Rac1 c6 13. Rfd1 Qe7 14. Bh6 Bh8 15. Bf1 Qe5 16. Bf4 Qe7 17.
Nxc6 bxc6 18. Bxd6 Qa7 19. Kh1 Ne6 20. e5 Nd7 21. f4 Ng7 22. Bd3 Nc5 23. Be2 Nf5 24.
Bf3 Nxd6 25. Qxd6 Bb7 26. h4 Qb6 27. Qd2 Ne6 28. Ne4 Rad8 29. Nd6 f6 30. c5 Nxc5 31. Qe3 Na4 32. Qxb6 Nxb6 33. Nxb7 Rxd1+ 34. Rxd1 fxe5 35. fxe5 Bxe5 36. b3 a4 37. bxa4 Nxa4 38. Bxc6 Re7 39.
Bxa4 Rxb7 40. Bb3+ Kg7 41. Rd3 Rb4 42. g3 Kh6 43. Kg2 g5 44. hxg5+ Kxg5 45. Rd5 Kf6 46.
Kf3 h5 47. Rc5 Rg4 48. Rc6+ Kg5 49. Rc5 Kf6 50. Rc6+ Kg5 51. Rc5 Kf5 52. Bc2+ Ke6 53. Rc6+ Kd5 54. Rg6 Rxg6 55. Bxg6 h4 56. gxh4 Ke6 57.
Bc2 Kf6 58. Kg4 Kg7 59. h5 Kh8 60. Bg6 Bc3 61. Kf5 Ba5 62. Ke6 Bc3 63. Kd5 Ba5 64. Kc4 Be1 65. a4 Bd2 66. Kd3 Be1 67. Be4 Ba5 68.
Bf3 Bb4 69. Kc4 Ba5 70. Be2 Be1 71. Kd3 Ba5 72. Bg4 Be1 73. Bf3 Ba5 74. Ke2 Bb4 75.
Kd1 Ba5 76. Kc2 Bb4 77. Kb3 Ba5 78. Kc4 Be1 79. Kb5 Bd2 80. Kc4 Be1 81. Kc5 Bd2 82. Kb5 Be1 83. a5 Bxa5 84. Kxa5 Kg7 85. Kb5 Kf6 86. Kc5 Kg5 87. Kd4 Kh6 88. Ke5 Kg7 89. Kf5 Kh6 90. Kf6 Kh7 91. Be4+ Kh6 92. Bf3 Kh7 93. Kg5 Kg7 94. Be4 Kh8 95. Kh6 Kg8 96. Bd3 Kh8 97. Kg6 Kg8 98. h6 Kh8 99. h7 1/2-1/2

[Event "*** Titled Tuesday Blitz"]
[Site "Chess.com"]
[Date "2018.11.06"]
[Round "5"]
[White "VladDobrov"]
[Black "bascheyaro"]
[Result "1-0"]
[WhiteElo "2731"]
[BlackElo "2716"]
[TimeControl "180+2"]
[EndTime "14:08:28 PST"]
[Termination "VladDobrov won by resignation"]

1. d4 Nf6 2. Nf3 d5 3. c4 c6 4. Nc3 g6 5. cxd5 cxd5 6. Bf4 Bg7 7. e3 O-O 8. Bd3 Nc6 9. h3 a6 10. Rc1 e6 11. O-O Bd7 12. Na4 Nb4 13. Bb1 Bxa4 14.
Qxa4 Nc6 15. Ne5 Nxe5 16. Bxe5 Rc8 17. Bd3 Qd7 18. Qb4 Rxc1 19. Rxc1 Rc8 20. Rc3 Ne8 21. Bg3 Bf8 22. Qb3 Bd6 23. f4 b5 24. Kh2 f5 25. Rxc8 Qxc8 26. a4 b4 27. a5 Qc6 28.
Be1 Nc7 29. Qc2 Qxc2 30. Bxc2 Kf7 31. Bd3 Ke7 32. g4 Kd7 33. Kg3 Be7 34. h4 Kc6 35. h5 Kb7 36. Kh3 Ne8 37. Bh4 Bxh4 38. Kxh4 fxg4 39.
hxg6 hxg6 40. Bxg6 Nd6 41. Kxg4 Nc4 42. Bf7 Kc6 43.
Bxe6 Nxb2 44. f5 Kd6 45. e4 Nc4 46. e5+ Kc6 47. f6 b3 48. f7 Ne3+ 49. Kf4 Ng2+ 50. Kg3 b2 51. f8=Q b1=Q 52. Qc5+ Kb7 53. Bxd5+ Kb8 54.
Qb6+ Qxb6 55. axb6 Ne3 56. Bc6 Nf5+ 57. Kf4 Nxd4 58.
Bd5 a5 59. Ke4 Nb5 60. e6 a4 61. Ke5 Nc7 62. bxc7+ Kxc7 63. Kf6 a3 64. e7 1-0

[Event "*** Titled Tuesday Blitz"]
[Site "Chess.com"]
[Date "2018.11.06"]
[Round "5"]
[White "mikhaillushenkov"]
[Black "Alexander_Moskalenko"]
[Result "0-1"]
[WhiteElo "2667"]
[BlackElo "2869"]
[TimeControl "180+2"]
[EndTime "14:08:37 PST"]
[Termination "Alexander_Moskalenko won by resignation"]

1. Nf3 d5 2. d4 e6 3. c4 Nf6 4.
Nc3 c6 5. e3 Nbd7 6. Bd3 dxc4 7. Bxc4 b5 8. Bd3 Bd6 9. a4 b4 10. Ne4 Nxe4 11. Bxe4 Bb7 12. Qe2 a5 13. O-O O-O 14. Bd2 Qe7 15. Rac1 Rfc8 16. Rfd1 f5 17. Bb1 c5 18. Ba2 Ba6 19. Bc4 Bxc4 20. Qxc4 Nb6 21. Qb5 c4 22. Qxb6 Bc7 23. Qc5 Bxh2+ 24. Kxh2 Rxc5 25.
dxc5 Qxc5 26. Be1 Rc8 27. Rd4 h6 28. Kg1 Kh7 29. Nd2 c3 30. bxc3 bxc3 31. Nc4 e5 32.
Nxe5 Qxe5 33. Rxc3 Rxc3 34. Bxc3 Qc5 35. Be1 g5 36. f3 f4 37. Kf2 Qc2+ 38. Bd2 fxe3+ 39. Kxe3 Qc5 40. g4 Kg6 41. Kd3 Kf7 42. Bc3 Qc6 43.
Re4 Qd5+ 44. Ke3 Qb3 45. Kd3 Qd1+ 46. Ke3 Qg1+ 47. Kd3 Qf2 48. Re3 Qf1+ 49. Kd2 Qf2+ 50. Kd3 Qf1+ 51. Kd2 Qc4 52. Re4 Qa2+ 53. Kd3 Qb1+ 54.
Kd2 Qb6 55. Kd3 Qd6+ 56. Ke3 Qc5+ 57. Kd3 Kg8 58. Re8+ Kf7 59. Re4 Qd6+ 60. Ke3 Qc7 61. Kd3 Qc6 62. Bd2 Kg6 63. Bc3 h5 64. gxh5+ Kxh5 65. Bd2 Qd5+ 66. Ke3 Qc5+ 67. Kd3 Qf2 68. Re5 Qxf3+ 69. Be3 Qd1+ 70. Kc3 Qa1+ 0-1

[Event "*** Titled Tuesday Blitz"]
[Site "Chess.com"]
[Date "2018.11.06"]
[Round "5"]
[White "dmjjmd"]
[Black "ShadowJolteon"]
[Result "0-1"]
[WhiteElo "2320"]
[BlackElo "2386"]
[TimeControl "180+2"]
[EndTime "14:08:37 PST"]
[Termination "ShadowJolteon won by resignation"]

1. e4 c6 2. d4 d5 3. e5 c5 4.
dxc5 Nc6 5. Nf3 Bg4 6. Bb5 Qa5+ 7.
Nc3 e6 8. O-O Bxc5 9. a3 Ne7 10.
Bg5 Qc7 11. b4 Bb6 12. Na4 O-O 13. Nxb6 axb6 14. Bd3 Nxe5 15. Be2 Nxf3+ 16. Bxf3 Bxf3 17. Qxf3 Ng6 18. Rac1 b5 19. Qd3 Qc6 20. h4 h6 21.
h5 Ne5 22. Qe2 Nc4 23. Bf4 Rxa3 24. Qg4 Kh8 25. Rfe1 Rc3 26. Re2 Na3 27. Be5 f6 28. Bxc3 Qxc3 29. Qxe6 d4 30. Qf5 Qc8 31. Qg6 Nc4 32.
Re7 Rg8 33. Rce1 Ne5 34. Qe4 b6 35. Qxd4 Nc6 36. Qxb6 Nxe7 37. Rxe7 Qf5 38. Rc7 Qxh5 39.
Rc5 Qd1+ 40. Kh2 Qd4 41. Qxb5 Qf4+ 42. Kg1 Rd8 43. Rd5 Ra8 44. Rd1 Rb8 45. Qd3 Rxb4 46. Qd8+ Kh7 47. Qd3+ Qe4 48. Qxe4+ Rxe4 49. Rd3 Rc4 50.
c3 Kg6 51. Kf1 Kf5 52. Ke2 Ke4 53. f3+ Ke5 54. Ke3 g5 55. g4 f5 56. gxf5 Kxf5 57. Rd5+ Kg6 58. Kd3 Rc8 59. c4 h5 60. Re5 h4 61.
Re1 Kf5 62. Kd4 Kf4 63. Rf1 h3 64. Kd5 h2 65. c5 Kg3 66. c6 Kg2 67. Rc1 h1=Q 68.
Rxh1 Kxh1 69. Kd6 Kg2 70. Kd7 Rxc6 71. Kxc6 Kxf3 0-1

[Event "*** Titled Tuesday Blitz"]
[Site "Chess.com"]
[Date "2018.11.06"]
[Round "5"]
[White "Paralinch"]
[Black "Vrolijk"]
[Result "1-0"]
[WhiteElo "2837"]
[BlackElo "2654"]
[TimeControl "180+2"]
[EndTime "14:08:40 PST"]
[Termination "Paralinch won by resignation"]

1. e4 e5 2. Nf3 Nc6 3. Nc3 Nf6 4. d4 exd4 5. Nxd4 Bb4 6. Nxc6 bxc6 7. Bd3 d5 8. exd5 O-O 9. O-O Bg4 10. Be2 Bxe2 11.
Nxe2 cxd5 12. Bg5 c6 13. Nd4 Qd6 14. Nf5 Qe5 15. Bxf6 Qxf6 16. Qf3 Rfe8 17. c3 Bc5 18. Rae1 Re6 19. g3 Rae8 20. Rxe6 Rxe6 21. Kg2 Re4 22. Ne3 Bxe3 23. Qxf6 gxf6 24. fxe3 Rxe3 25. Rxf6 Re2+ 26. Rf2 Re3 27. Rf6 Re2+ 28. Rf2 Re3 29. Rd2 Kg7 30. Kf2 Re5 31. Rd4 Rf5+ 32. Ke2 Rh5 33. h4 Re5+ 34. Kf3 Rf5+ 35. Ke3 Re5+ 36. Kd3 Rf5 37. Ke2 Re5+ 38.
Kd2 Kf6 39. Ra4 Re7 40. Ra6 Rc7 41. Ke3 Ke5 42. g4 f6 43. Kf3 c5 44. Ra5 Rb7 45.
b3 Rc7 46. Ke3 f5 47. g5 Re7 48. Kf3 Rc7 49. Ke3 Re7 50. Ra6 Rd7 51. h5 d4+ 52. cxd4+ cxd4+ 53. Kd3 f4 54. Ra5+ Ke6 55. Ra6+ Kf5 56.
g6 hxg6 57. Rxg6 f3 58. Rg8 Kf4 59. h6 f2 60. Rf8+ Kg3 61. Rg8+ Kf3 62. Rf8+ Kg2 63. Rg8+ Kf3 64. Rf8+ Kg2 65. Rg8+ Kf1 66. Kd2 d3 67. Rg7 Rd6 68. h7 Rh6 69. b4 Rh5 70. a4 Rh4 71.
b5 Rh5 72. a5 1-0

[Event "*** Titled Tuesday Blitz"]
[Site "Chess.com"]
[Date "2018.11.06"]
[Round "5"]
[White "Gareth-Bale11"]
[Black "matiss90"]
[Result "1/2-1/2"]
[WhiteElo "2597"]
[BlackElo "2424"]
[TimeControl "180+2"]
[EndTime "14:08:52 PST"]
[Termination "Game drawn - insufficient material"]

1. d4 Nf6 2. Nf3 g6 3. Nbd2 Bg7 4. e4 d6 5. Bd3 O-O 6. O-O Bg4 7. h3 Bxf3 8. Nxf3 Nc6 9. c3 e5 10. d5 Ne7 11. g3 Nd7 12. Kg2 a5 13. Bc2 b5 14.
b4 h6 15. h4 f5 16. h5 fxe4 17. Bxe4 Nf6 18. Bxg6 Nxg6 19. hxg6 Qe8 20. Nh4 axb4 21. cxb4 e4 22. Bf4 Ra3 23. Re1 e3 24. Bxe3 Qe4+ 25. Kg1 Nxd5 26. Bc5 Qc4 27. Rc1 Nc3 28. Qd2 dxc5 29.
Re7 Qd4 30. Qe1 Rxa2 31. Nf5 Rxf5 32. Qe6+ Kh8 33. Qxf5 Qxf2+ 34. Qxf2 Bd4 35. g7+ Kg8 36. Rf1 Rxf2 37. Rxf2 Nd1 38. Kf1 Nxf2 39. bxc5 Bxc5 40. Rxc7 Bd4 41. Rd7 Bc5 42. Rc7 Ne4 43. Ke2 b4 44. Kd3 Nxg3 45. Rxc5 Kxg7 46. Rb5 Kg6 47. Rxb4 Kg5 48.
Ke3 Nf5+ 49. Kf3 h5 50. Rb8 Nh4+ 51. Kg3 Nf5+ 52. Kh3 h4 53. Rg8+ Kf4 54. Rg4+ Ke5 55. Rg1 Kf4 56. Rf1+ Kg5 57. Rf2 Ng3 58. Ra2 Nf5 59.
Ra4 Kh5 60. Rg4 Kh6 61. Kg2 Kh5 62. Rg8 Nh6 63. Rg7 Nf5 64. Rg8 Nh6 65. Rh8 Kg5 66. Kh3 Nf5 67. Rxh4 Nxh4 1/2-1/2

[Event "*** Titled Tuesday Blitz"]
[Site "Chess.com"]
[Date "2018.11.06"]
[Round "5"]
[White "iturrizaga"]
[Black "sergoy"]
[Result "1-0"]
[WhiteElo "2738"]
[BlackElo "2747"]
[TimeControl "180+2"]
[EndTime "14:08:55 PST"]
[Termination "iturrizaga won by resignation"]

1. Nf3 Nf6 2. c4 c6 3. g3 d5 4. b3 Bf5 5. Bg2 e6 6. O-O h6 7. Bb2 Be7 8. d3 O-O 9. Nbd2 Nbd7 10. a3 a5 11. Rc1 Bh7 12. Rc2 Re8 13.
Qa1 Qb6 14. Rfc1 c5 15. cxd5 exd5 16. Ne5 d4 17. Nec4 Qa6 18. a4 Rab8 19. Na3 Qe6 20.
Ndc4 Nd5 21. Nxa5 Nb4 22. Rd2 Bg5 23. Rcd1 Bxd2 24. Rxd2 b6 25. N5c4 Ne5 26. Nb5 Re7 27. Ba3 Nexd3 28. Bf3 Qf6 29. Qd1 Be4 30. Bxb4 Nxb4 31.
Bxe4 Rxe4 32. e3 Rbe8 33. Kg2 dxe3 34. Nxe3 R8e6 35. Nc4 Re1 36. Qg4 Kh7 37. h4 Qa1 38. Qf5+ Rg6 39. h5 Rg1+ 40. Kf3 Qf1 41. hxg6+ fxg6 42. Qe4 Qg2+ 43. Kf4 Qh3 44. Ne5 Qh5 45. Rd6 Qg5+ 46.
Kf3 Nc2 47. Qxg6+ Qxg6 48. Nxg6 Ne1+ 49. Ke2 Nc2 50. Nf8+ Kg8 51. Ne6 Rb1 52. Rxb6 Rxb3 53. Nxc5 Rb2 54. Nd3 Ra2 55. Nc3 Ra3 56. Kd2 Nd4 57. Rb4 Nf3+ 58. Kc2 1-0

[Event "*** Titled Tuesday Blitz"]
[Site "Chess.com"]
[Date "2018.11.06"]
[Round "5"]
[White "Koksik_13"]
[Black "gmjlh"]
[Result "1-0"]
[WhiteElo "2710"]
[BlackElo "2619"]
[TimeControl "180+2"]
[EndTime "14:08:57 PST"]
[Termination "Koksik_13 won by checkmate"]

1. e4 c6 2. d4 d5 3. Nc3 dxe4 4. Nxe4 Nf6 5. Ng3 Bg4 6. Be2 Bxe2 7. N1xe2 e6 8. O-O Bd6 9. Bf4 O-O 10. c3 Bxf4 11.
Nxf4 Nbd7 12. Qf3 Re8 13. Nfh5 Nxh5 14. Nxh5 g6 15. Ng3 Qf6 16. Qd3 e5 17. d5 e4 18.
Nxe4 Qf5 19. dxc6 Ne5 20. Qc2 Nxc6 21. Rae1 Re6 22. Re2 Rd8 23. Rfe1 h5 24. h3 Kg7 25. Qc1 Ne5 26. Ng3 Qf6 27. Ne4 Qf5 28. Ng3 Qf6 29. Qc2 Nd3 30. Rxe6 fxe6 31. Rd1 Nf4 32. Rxd8 Qxd8 33.
Qc1 Qd6 34. Qe1 h4 35. Nf1 Qd5 36. Ne3 Qxa2 37. Qd2 Qb1+ 38. Kh2 Qe4 39. Qd7+ Kf8 40. Qd8+ Kg7 41. Qc7+ Kf8 42. Qc8+ Kg7 43. Qc7+ Kf8 44.
Qd8+ Kg7 45. Qxh4 a5 46. Qe7+ Kh8 47. Qg5 a4 48. Qh4+ Kg7 49. g3 e5 50. Qe7+ Kh8 51.
Qf6+ Kh7 52. gxf4 exf4 53. Ng4 Qc2 54. Qe7+ Kh8 55. Qe5+ Kh7 56. Nf6+ Kh6 57. Qxf4+ Kg7 58. Ng4 Qxb2 59. Qf6+ Kg8 60. Qxg6+ Kf8 61. Qf6+ Ke8 62.
Ne5 Qb5 63. Qe6+ Kf8 64. Qf7# 1-0